TOP OF THE 1ST |
Hamilton Cardinals batting - Pitching for Paris Cubs : RHP Chris P. Shephard
|
Pitching: RHP Chris P. Shephard
|
|
Batting: RHB Jeff Gale
|
0-0: Ball 1-0: Ball 2-0: Called Strike 2-1: Swinging Strike 2-2: Ball 3-2: Foul Ball, location: 2F 3-2: Strikes out swinging
|
Batting: LHB Josh Levin
|
0-0: Called Strike 0-1: Ball 1-1: Called Strike 1-2: Foul Ball, location: 2F 1-2: Strikes out swinging
|
Batting: SHB Kelly Brooks
|
0-0: Ground out 3-1 (Groundball, 34S, EV 89.4 MPH)
|
Top of the 1st over - 0 runs, 0 hits, 0 errors, 0 left on base; Hamilton 0 - Paris 0 |
BOTTOM OF THE 1ST |
Paris Cubs batting - Pitching for Hamilton Cardinals : LHP Armando Orozco
|
Pitching: LHP Armando Orozco
|
|
Batting: RHB Willie Rubio
|
0-0: Swinging Strike 0-1: Called Strike 0-2: Foul Ball, location: 2F 0-2: Strikes out swinging
|
Batting: RHB Michihisa Tanaka
|
0-0: Ball 1-0: Ball 2-0: Ball 3-0: Base on Balls
|
Batting: LHB Jeremy Rideout
|
0-0: Swinging Strike Michihisa Tanaka is caught stealing 2nd base 2-6 0-1: Ball 1-1: Swinging Strike 1-2: Ball 2-2: Ball 3-2: Fly out, F8 (Flyball, 8LM, EV 87.5 MPH)
|
Bottom of the 1st over - 0 runs, 0 hits, 0 errors, 0 left on base; Hamilton 0 - Paris 0 |
TOP OF THE 2ND |
Hamilton Cardinals batting - Pitching for Paris Cubs : RHP Chris P. Shephard
|
Batting: LHB Rafael Banda
|
0-0: Fly out, F8 (Flyball, 8RD, EV 86.2 MPH)
|
Batting: SHB Jae-hong Kym
|
0-0: Ball 1-0: Swinging Strike 1-1: Foul Ball, location: 2F 1-2: Strikes out swinging
|
Batting: LHB Steven Higgs
|
0-0: Ball 1-0: Called Strike 1-1: Called Strike 1-2: Strikes out swinging
|
Top of the 2nd over - 0 runs, 0 hits, 0 errors, 0 left on base; Hamilton 0 - Paris 0 |
BOTTOM OF THE 2ND |
Paris Cubs batting - Pitching for Hamilton Cardinals : LHP Armando Orozco
|
Batting: LHB David Mendez
|
0-0: Called Strike 0-1: Swinging Strike 0-2: Strikes out swinging
|
Batting: RHB Jesus Resendez
|
0-0: Called Strike 0-1: Ball 1-1: Foul Ball, location: 2F 1-2: Strikes out looking
|
Batting: LHB Cameron Marinelli
|
0-0: Fly out, F9 (Flyball, 89S, EV 79.4 MPH)
|
Bottom of the 2nd over - 0 runs, 0 hits, 0 errors, 0 left on base; Hamilton 0 - Paris 0 |
TOP OF THE 3RD |
Hamilton Cardinals batting - Pitching for Paris Cubs : RHP Chris P. Shephard
|
Batting: RHB Kevin McGaughey
|
0-0: Ball 1-0: Called Strike 1-1: Ball 2-1: Ball 3-1: Foul Ball, location: 2F 3-2: Foul Ball, location: 2F 3-2: SINGLE (Groundball, 4MD, EV 95.0 MPH)
|
Batting: LHB John Stewart
|
0-0: Fly out, F8 (Flyball, 8LM, EV 81.9 MPH)
|
Batting: RHB Oscar Higareda
|
0-0: Swinging Strike 0-1: Foul Ball, location: 2F 0-2: Ball 1-2: Strikes out swinging
|
Batting: RHB Jeff Gale
|
0-0: Called Strike 0-1: Swinging Strike 0-2: Foul Ball, location: 2F 0-2: Strikes out swinging
|
Top of the 3rd over - 0 runs, 1 hit, 0 errors, 1 left on base; Hamilton 0 - Paris 0 |
BOTTOM OF THE 3RD |
Paris Cubs batting - Pitching for Hamilton Cardinals : LHP Armando Orozco
|
Batting: RHB Jason Banks
|
0-0: Called Strike 0-1: Ball 1-1: Called Strike 1-2: Ball 2-2: Foul Ball, location: 2F 2-2: Foul Ball, location: 2F 2-2: Strikes out looking
|
Batting: LHB Bobby Marlatt
|
0-0: Called Strike 0-1: Ball 1-1: Swinging Strike 1-2: Strikes out looking
|
Batting: RHB Mike Prado
|
0-0: Ball 1-0: Called Strike 1-1: Swinging Strike 1-2: Strikes out swinging
|
Bottom of the 3rd over - 0 runs, 0 hits, 0 errors, 0 left on base; Hamilton 0 - Paris 0 |
TOP OF THE 4TH |
Hamilton Cardinals batting - Pitching for Paris Cubs : RHP Chris P. Shephard
|
Batting: LHB Josh Levin
|
0-0: Called Strike 0-1: Foul Ball, location: 2F 0-2: Ball 1-2: Foul Ball, location: 2F 1-2: Ball 2-2: DOUBLE (Line Drive, 7LM, EV 94.4 MPH)
|
Batting: SHB Kelly Brooks
|
0-0: Ball 1-0: Ball 2-0: Fly out, F8 (Flyball, 89M, EV 92.5 MPH)
|
Batting: LHB Rafael Banda
|
0-0: Ball 1-0: SINGLE (Groundball, 4D, EV 110.0 MPH) Josh Levin to third Runner from 3rd tries for Home, throw by CF and OUT! 8-2 Rafael Banda to second
|
Batting: SHB Jae-hong Kym
|
0-0: Foul Ball, location: 2F 0-1: Swinging Strike 0-2: Strikes out looking
|
Top of the 4th over - 0 runs, 2 hits, 0 errors, 1 left on base; Hamilton 0 - Paris 0 |
BOTTOM OF THE 4TH |
Paris Cubs batting - Pitching for Hamilton Cardinals : LHP Armando Orozco
|
Batting: RHB Willie Rubio
|
0-0: Ball 1-0: Ground out 4-3 (Groundball, 4S, EV 85.6 MPH)
|
Batting: RHB Michihisa Tanaka
|
0-0: Ball 1-0: Fly out, F7 (Line Drive, 7D, EV 90.0 MPH)
|
Batting: LHB Jeremy Rideout
|
0-0: Ball 1-0: Ball 2-0: Ball 3-0: Base on Balls
|
Batting: LHB David Mendez
|
0-0: Ground out 4-3 (Groundball, 4, EV 103.8 MPH)
|
Bottom of the 4th over - 0 runs, 0 hits, 0 errors, 1 left on base; Hamilton 0 - Paris 0 |
TOP OF THE 5TH |
Hamilton Cardinals batting - Pitching for Paris Cubs : RHP Chris P. Shephard
|
Batting: LHB Steven Higgs
|
0-0: Ball 1-0: Fly out, F9 (Flyball, 9, EV 91.9 MPH)
|
Batting: RHB Kevin McGaughey
|
0-0: Foul Ball, location: 2F 0-1: Foul Ball, location: 2F 0-2: Ball 1-2: Ball 2-2: Ball 3-2: Base on Balls
|
Batting: LHB John Stewart
|
0-0: SINGLE (Groundball, 34S, EV 65.6 MPH) (infield hit) Kevin McGaughey to second
|
Batting: RHB Oscar Higareda
|
0-0: Ball 1-0: Foul Ball, location: 2F 1-1: Reached on error, E5 (Groundball, 56, EV 91.2 MPH) Kevin McGaughey to third John Stewart to second
|
Batting: RHB Jeff Gale
|
0-0: Foul Ball, location: 2F 0-1: Ball 1-1: Swinging Strike 1-2: Strikes out swinging
|
Batting: LHB Josh Levin
|
0-0: Ball 1-0: Swinging Strike 1-1: Called Strike 1-2: Fly out, F7 (Line Drive, 7S, EV 111.2 MPH)
|
Top of the 5th over - 0 runs, 1 hit, 1 error, 3 left on base; Hamilton 0 - Paris 0 |
BOTTOM OF THE 5TH |
Paris Cubs batting - Pitching for Hamilton Cardinals : LHP Armando Orozco
|
Batting: RHB Jesus Resendez
|
0-0: Ball 1-0: Ball 2-0: Called Strike 2-1: Swinging Strike 2-2: Strikes out swinging
|
Batting: LHB Cameron Marinelli
|
0-0: Called Strike 0-1: Swinging Strike 0-2: Ball 1-2: Ball 2-2: Ball 3-2: Foul Ball, location: 2F 3-2: Fly out, F7 (Line Drive, 78M, EV 95.6 MPH)
|
Batting: RHB Jason Banks
|
0-0: Ball 1-0: Foul Ball, location: 2F 1-1: Foul Ball, location: 2F 1-2: Strikes out swinging
|
Bottom of the 5th over - 0 runs, 0 hits, 0 errors, 0 left on base; Hamilton 0 - Paris 0 |
TOP OF THE 6TH |
Hamilton Cardinals batting - Pitching for Paris Cubs : RHP Chris P. Shephard
|
Batting: SHB Kelly Brooks
|
0-0: Ball 1-0: Foul Ball, location: 2F 1-1: Ball 2-1: Foul Ball, location: 2F 2-2: Ball 3-2: Strikes out swinging
|
Batting: LHB Rafael Banda
|
0-0: Ball 1-0: Ball 2-0: Ball 3-0: Called Strike 3-1: Fly out, F3 (Line Drive, 34, EV 65.0 MPH)
|
Batting: SHB Jae-hong Kym
|
0-0: Swinging Strike 0-1: Swinging Strike 0-2: Fly out, F7 (Flyball, 7D, EV 96.9 MPH)
|
Top of the 6th over - 0 runs, 0 hits, 0 errors, 0 left on base; Hamilton 0 - Paris 0 |
BOTTOM OF THE 6TH |
Paris Cubs batting - Pitching for Hamilton Cardinals : LHP Armando Orozco
|
Batting: LHB Bobby Marlatt
|
0-0: Called Strike 0-1: Ball 1-1: Reached on error, E4 (Groundball, 34, EV 87.5 MPH)
|
Batting: RHB Mike Prado
|
0-0: Ball 1-0: Foul Ball, location: 2F 1-1: Foul Ball, location: 2F 1-2: Foul Ball, location: 2F 1-2: Strikes out swinging
|
Batting: RHB Willie Rubio
|
0-0: Ball 1-0: Swinging Strike 1-1: Called Strike 1-2: DOUBLE (Flyball, 89D, EV 101.2 MPH) Bobby Marlatt scores
|
Batting: RHB Michihisa Tanaka
|
0-0: Ball 1-0: Ball 2-0: Called Strike 2-1: Ball 3-1: Called Strike 3-2: Base on Balls
|
Pitching: RHP Corey Shelton
|
|
Batting: LHB Jeremy Rideout
|
0-0: Ball 1-0: SINGLE (Groundball, 6MD, EV 106.9 MPH) Willie Rubio to third Michihisa Tanaka to second Runner from 3rd tries for Home, SAFE, throw by CF to home
|
Pitching: LHP Tim Dyer
|
|
Batting: LHB David Mendez
|
0-0: Called Strike 0-1: Called Strike 0-2: Fly out, F7 (Flyball, 78M, EV 89.4 MPH)
|
Pitching: RHP Morgan Phang
|
|
Batting: RHB Jesus Resendez
|
0-0: Ball 1-0: Ball 2-0: Called Strike 2-1: Ball 3-1: Base on Balls Michihisa Tanaka to third Jeremy Rideout to second
|
Batting: LHB Cameron Marinelli
|
0-0: Fly out, F8 (Flyball, 8RM, EV 85.0 MPH)
|
Bottom of the 6th over - 2 runs, 2 hits, 1 error, 3 left on base; Hamilton 0 - Paris 2 |
TOP OF THE 7TH |
Hamilton Cardinals batting - Pitching for Paris Cubs : RHP Chris P. Shephard
|
Pitching: RHP Reginald Bamber
|
|
Batting: LHB Steven Higgs
|
0-0: Called Strike 0-1: Called Strike 0-2: Foul Ball, location: 2F 0-2: Strikes out looking
|
Batting: RHB Kevin McGaughey
|
0-0: Ball 1-0: Fly out, F7 (Flyball, 7S, EV 90.0 MPH)
|
Batting: LHB John Stewart
|
0-0: Called Strike 0-1: Called Strike 0-2: Foul Ball, location: 2F 0-2: Foul Ball, location: 2F 0-2: Fly out, F8 (Flyball, 89D, EV 85.0 MPH)
|
Top of the 7th over - 0 runs, 0 hits, 0 errors, 0 left on base; Hamilton 0 - Paris 2 |
BOTTOM OF THE 7TH |
Paris Cubs batting - Pitching for Hamilton Cardinals : RHP Morgan Phang
|
Batting: RHB Jason Banks
|
0-0: Ball 1-0: Fly out, F9 (Flyball, 9D, EV 104.4 MPH)
|
Batting: LHB Bobby Marlatt
|
0-0: Ball 1-0: Ball 2-0: Called Strike 2-1: Foul Ball, location: 2F 2-2: Foul Ball, location: 2F 2-2: Ball 3-2: Strikes out swinging
|
Batting: RHB Mike Prado
|
0-0: Ball 1-0: Ball 2-0: Called Strike 2-1: Foul Ball, location: 2F 2-2: Foul Ball, location: 2F 2-2: Hit by Pitch
|
Batting: RHB Willie Rubio
|
0-0: Called Strike 0-1: Called Strike 0-2: Ball 1-2: Strikes out swinging
|
Bottom of the 7th over - 0 runs, 0 hits, 0 errors, 1 left on base; Hamilton 0 - Paris 2 |
TOP OF THE 8TH |
Hamilton Cardinals batting - Pitching for Paris Cubs : RHP Reginald Bamber
|
Batting: RHB Oscar Higareda
|
0-0: Called Strike 0-1: Ball 1-1: Called Strike 1-2: Strikes out swinging
|
Batting: RHB Jeff Gale
|
0-0: Foul Ball, location: 2F 0-1: DOUBLE (Flyball, 8RD, EV 92.5 MPH)
|
Batting: LHB Josh Levin
|
0-0: Ball 1-0: Ball 2-0: Ball 3-0: Base on Balls
|
Batting: SHB Kelly Brooks
|
0-0: Ball 1-0: Foul Ball, location: 2F 1-1: Fly out, F8 (Flyball, 8RM, EV 89.4 MPH)
|
Batting: LHB Rafael Banda
|
0-0: Called Strike 0-1: Called Strike 0-2: Strikes out swinging
|
Top of the 8th over - 0 runs, 1 hit, 0 errors, 2 left on base; Hamilton 0 - Paris 2 |
BOTTOM OF THE 8TH |
Paris Cubs batting - Pitching for Hamilton Cardinals : RHP Morgan Phang
|
Pinch Hitting: LHB Tyler Schuettler
|
0-0: Ball 1-0: Swinging Strike 1-1: Fly out, F2 (Popup, 25F, EV 85.6 MPH)
|
Batting: LHB Jeremy Rideout
|
0-0: Swinging Strike 0-1: Foul Ball, location: 2F 0-2: Fly out, F9 (Flyball, 9D, EV 73.1 MPH)
|
Batting: LHB David Mendez
|
0-0: Foul Ball, location: 2F 0-1: Foul Ball, location: 2F 0-2: Strikes out looking
|
Bottom of the 8th over - 0 runs, 0 hits, 0 errors, 0 left on base; Hamilton 0 - Paris 2 |
TOP OF THE 9TH |
Hamilton Cardinals batting - Pitching for Paris Cubs : RHP Reginald Bamber
|
Pitching: RHP Justin Rodrigues
|
|
Now at 3B: Jorge Robles
|
|
Batting: SHB Jae-hong Kym
|
0-0: Fly out, F7 (Flyball, 7LM, EV 95.0 MPH)
|
Pinch Hitting: LHB Jonathan Barker
|
0-0: Ball 1-0: Fly out, F9 (Flyball, 9S, EV 78.1 MPH)
|
Batting: RHB Kevin McGaughey
|
0-0: Ball 1-0: Foul Ball, location: 2F 1-1: Foul Ball, location: 2F 1-2: Ground out 6-3 (Groundball, 6, EV 79.4 MPH)
|
Top of the 9th over - 0 runs, 0 hits, 0 errors, 0 left on base; Hamilton 0 - Paris 2 |
|